AoeStats
← matipalominos1

Arena

506965776Analyzed
1v1 RM · 16d ago on Sep 16, 2026· 26m 17s· 2 players
Game mode
Random Map
Map size
Tiny (2 player)
Population
200
Speed
Normal
Resources
Standard
Victory
Conquest
Starting age
Dark Age
Ending age
Imperial Age
RankedLock teamsTeams togetherTeam positionsShared explorationLock speedFull tech treeHidden civsTurbo modeCheats
Victory
Defeat
🇺🇾 Saracens · Uruguay
607
+15
🇨🇱 Sicilians · Chile
584
-15
matipalominos1
12:36 Feudal Age
12:59 Horse Collar
13:20 Loom
19:00 Forging
22:52 Castle Age
22:58 Scale Mail Armor
mario12111988
1:03 Loom
12:35 Feudal Age
13:00 Horse Collar
13:08 Double-Bit Axe
19:13 Castle Age
25:15 Gambesons
26:26 Fortified Wall
26:39 Ballistics
Connection lost

Rejoining the realm…

Still unreachable

The connection could not be restored.

Session expired

The server has moved on; the page needs a fresh start.